Map: Traitor's Exile

Players

Throwfordays - Winner!

  • Race: Protoss Protoss
  • League: Bronze
  • Spawn Location: 6:00

Cthulhu - Winner!

  • Race: Zerg Zerg
  • Spawn Location: 5:00

shippoop

  • Race: Terran Terran
  • Spawn Location: 9:00

Trogdor

  • Race: Terran Terran
  • Spawn Location: 12:00

VOD

Have the link to the VOD?

Description

Time

  • Played on: Feb. 1, 2019, 8:21 p.m.
  • Length: 5:42
Show
View Real Time Build Order
Export as new Build Order

Throwfordays Protoss - Winner!

Build Orders:  

Get SALT Encoding   

  12  0:01  Probe  
  13  0:13  Probe  
  14  0:22  Pylon  
  14  0:25  Probe  
  15  0:40  Probe  
  15  0:41  Gateway  
  16  0:46  Assimilator  
  16  0:52  Probe  
  17  0:58  Pylon  
  17  1:04  Probe  
  18  1:16  Probe  
  19  1:27  Cybernetics Core  
  19  1:28  Probe  
  20  1:32  Gateway  
  20  1:39  Assimilator  
  20  1:43  Warp Gate  
  20  1:46  Probe  
  21  1:59  Probe  
  22  2:07  Pylon  
  22  2:11  Probe  
  22  2:14  Adept  
  25  2:20  Adept  
  27  2:43  Stalker  
  29  2:50  Stalker  
  31  3:17  Nexus  
  31  3:21  Gateway  
  31  3:22  Gateway  
  31  3:38  Pylon  
  31  4:10  Stalker x2  
  31  4:13  Gateway  
  35  4:24  Stalker x2  
  39  4:42  Stalker  
  39  4:43  Stalker  
  38  5:04  Stalker x2  
  38  5:05  Stalker  
  38  5:06  Stalker  
  46  5:09  Stalker  
  48  5:28  Stalker x2  
Show
View Real Time Build Order
Export as new Build Order

Cthulhu Zerg - Winner!

Build Orders: Pool First 

Get SALT Encoding   

  12  0:02  Drone  
  13  0:14  Drone  
  14  0:30  Spawning Pool  
  14  0:31  Drone  
  14  0:35  Extractor  
  13  0:38  Drone  
  14  0:46  Overlord  
  14  1:16  Zergling x6  
  14  1:17  Queen  
  19  1:32  Drone  
  19  1:37  Metabolic Boost  
  20  1:51  Drone  
  20  1:52  Zergling x2  
  21  2:34  Zergling x2  
  21  2:35  Overlord  
  21  2:49  Hatchery  
  20  3:00  Zergling x2  
  20  3:01  Zergling x6  
  23  3:09  Evolution Chamber  
  22  3:20  Spine Crawler  
  21  3:32  Drone, Overlord  
  21  4:26  Drone x4  
  23  4:55  Zergling x10  
  27  5:12  Zergling x8  
  27  5:13  Zergling x2  
  30  5:20  Drone  
  33  5:21  Drone x2  
  33  5:23  Drone x2  
  33  5:26  Extractor  
  34  5:29  Extractor x2  
Show
View Real Time Build Order
Export as new Build Order

shippoop Terran 

Build Orders:  

Get SALT Encoding   

  12  0:03  SCV  
  13  0:16  SCV  
  14  0:21  Supply Depot  
  15  0:28  SCV  
  15  0:31  Refinery  
  15  0:45  Barracks  
  15  0:50  SCV  
  16  1:07  Barracks  
  16  1:13  SCV  
  17  1:20  Refinery  
  17  1:25  SCV  
  18  1:35  Marine  
  19  1:45  Factory  
  19  1:53  Orbital Command  
  19  2:00  Marine  
  20  2:02  Marine  
  19  2:40  SCV  
  20  2:48  Hellion  
  22  2:54  SCV  
  23  3:12  Starport  
  23  3:20  Supply Depot  
  23  3:42  Marine x2, SCV  
  23  3:44  Supply Depot  
  23  3:55  Engineering Bay  
  23  3:59  Marine x2  
  13  4:17  Marine x2  
  11  4:28  Hellion  
  5  4:35  Marine x2  
  3  4:53  Marine  
Show
View Real Time Build Order
Export as new Build Order

Trogdor Terran 

Build Orders: 2 Factory 

Get SALT Encoding   

  12  0:02  SCV  
  13  0:14  SCV  
  14  0:24  Supply Depot  
  14  0:26  SCV  
  15  0:31  Refinery  
  15  0:45  SCV  
  15  0:49  Barracks  
  16  0:57  SCV  
  17  1:09  SCV  
  18  1:21  Refinery  
  18  1:22  SCV  
  19  1:34  SCV  
  19  1:38  Supply Depot  
  20  1:41  Factory  
  20  1:46  SCV  
  21  1:58  SCV  
  23  2:04  Barracks Reactor  
  22  2:13  SCV  
  23  2:25  SCV  
  23  2:28  Factory  
  24  2:30  Hellion  
  26  2:38  SCV  
  26  2:41  Supply Depot  
  26  2:42  Marine x2  
  27  3:14  Factory Tech Lab  
  27  3:23  Hellion x2  
  27  3:25  Orbital Command  
  31  3:39  Barracks Reactor  
  30  3:53  Hellion x2  
  34  4:00  Siege Tank  
  35  4:14  Hellion  
  35  4:15  Hellion  
  35  4:25  Marine x2  
  37  4:36  Hellion  
  39  4:52  Marine x2  
  39  4:53  Hellion  
  39  5:10  Marine  
  39  5:11  Marine  
  39  5:13  Hellion  
  38  5:15  Hellion  
Tags
 
Add a new tag
Caveats
  • Supply blocks, unpowered buildings, or Contaminate may cause inaccurate times.
  • Supply counts are checked every 10 seconds.